Cogmind - Beta 15 @@@ ROGUE MODE // 2025.07.16 @ 14:30:52 Player: Silis Result: Destroyed by S-27 Virus with Autogun Performance ------------- Evolutions (3) 1500 Regions Visited (7) 1400 Robots Destroyed (25) 125 Value Destroyed (616) 616 Prototype IDs (0) 0 Alien Tech Used (0) 0 Bonus (0) 0 TOTAL SCORE: 3641 Bonus ------- None Cogmind --------- Core Integrity 0/700 Matter 224/300 Energy 100/100 System Corruption 0% Temperature Cool (0) Movement Core (350) Ox6 Location -7/Storage Parts ------- > --- POWER (4) -------- (None) > --- PROPULSION (4) --- (None) > --- UTILITY (2) ------ Large Storage Unit > --- WEAPON (3) ------- (None) > --- INVENTORY (15) --- Hover Unit Improved Heat Sink Improved Heat Sink Small Storage Unit Medium Matter Pod (0) Hardlight Generator Hacking Suite Peak State ------------ > --- POWER ------------ Improved Ion Engine > --- PROPULSION ------- Light Treads > --- UTILITY ---------- Large Storage Unit Drone Bay > --- WEAPON ----------- Autogun Minigun Remote Datajack > --- INVENTORY -------- Hover Unit Improved Heat Sink Improved Heat Sink Small Storage Unit Medium Matter Pod Hardlight Generator Hacking Suite [Rating: 19] Favorites ----------- Power Improved Ion Engine Engine Improved Ion Engine Power Core Light Nuclear Core Propulsion Light Treads Treads Light Treads Utility Medium Matter Pod Device Drone Bay Storage Medium Matter Pod Weapon Minigun Energy Gun Small Laser Ballistic Gun Minigun Special Weapon Remote Datajack Build | -11 -10 -10 -9 -9 -8 -7 -7 ------- Run | Yrd Mat Min Mat Min Mat Fac Sto Slots Evolved 6 | . . . 2 . 2 2 . Power 3 | . . . 1 . 1 1 . Propulsion 2 | . . . 1 . 1 . . Utility . | . . . . . . . . Weapon 1 | . . . . . . 1 . Parts Attached 20 | 6 1 . 4 . 7 1 1 Power 6 | 1 . . 2 . 3 . . Engine 5 | 1 . . 1 . 3 . . Core 1 | . . . 1 . . . . Reactor . | . . . . . . . . Propulsion 4 | 2 . . 1 . 1 . . Treads 4 | 2 . . 1 . 1 . . Leg . | . . . . . . . . Wheel . | . . . . . . . . Hover . | . . . . . . . . Flight . | . . . . . . . . Utility 4 | 1 1 . . . 1 . 1 Device 1 | . . . . . . . 1 Storage 3 | 1 1 . . . 1 . . Processor . | . . . . . . . . Hackware . | . . . . . . . . Protection . | . . . . . . . . Artifact . | . . . . . . . . Weapon 6 | 2 . . 1 . 2 1 . Energy Gun 2 | 1 . . 1 . . . . Energy Cannon . | . . . . . . . . Ballistic Gun 3 | 1 . . . . 2 . . Ballistic Cannon . | . . . . . . . . Launcher . | . . . . . . . . Special Weapon 1 | . . . . . . 1 . Impact Weapon . | . . . . . . . . Slashing Weapon . | . . . . . . . . Piercing Weapon . | . . . . . . . . Special Melee Weapon . | . . . . . . . . Unidentified Prototypes . | . . . . . . . . Parts Lost 15 | . . 1 1 . 6 1 6 Power 5 | . . . 1 . 2 1 1 Propulsion 4 | . . . . . 3 . 1 Utility 1 | . . . . . . . 1 Weapon 5 | . . 1 . . 1 . 3 Highest Loss Streak 6 | . . 1 1 . 6 1 5 To Critical Strikes . | . . . . . . . . Average Backups 3 | 1 2 2 1 2 2 4 6 Power . | . 1 1 1 1 . . . Propulsion . | . . . . . . 1 1 Utility 1 | . . . . . 1 3 5 Weapon . | . 1 1 . 1 . . . Tool/Special . | . . . . . . . . Unused Backups 5 | . . . . . . . 5 Power . | . . . . . . . . Propulsion 1 | . . . . . . . 1 Utility 4 | . . . . . . . 4 Weapon . | . . . . . . . . Tool/Special . | . . . . . . . . Average Slot Usage (%) 69 | . 94 88 90 100 70 54 45 Engine 12 | . 14 14 10 11 13 14 6 Core 2 | . . . 10 11 2 . . Treads 16 | . 28 28 25 33 20 7 6 Storage 17 | . 22 28 22 22 18 15 8 Energy Gun 3 | . 14 3 11 11 2 . . Ballistic Gun 13 | . 14 14 11 11 14 15 10 Special Weapon 1 | . . . . . . 1 6 Peak Build Rating 19 | 6 7 7 11 11 12 16 19 Average Rating 10 | 4 6 6 10 11 10 12 15 On Entrance 8 | . 6 7 6 11 11 11 15 Naked Turns . | . . . . . . . . Heaviest Build 42 | 14 16 16 20 20 39 41 42 Greatest Support 60 | 40 40 40 60 60 60 20 20 Greatest Overweight (x) 12 | . . . . . 8 2 12 Average Overweight (x) . | . . . . . . 1 1 Largest Inventory Capacity 15 | 8 8 8 8 8 15 15 15 Average Capacity 12 | 7 8 8 8 8 14 15 15 Most Carried 8 | 5 3 3 3 2 8 7 8 Average Carried 3 | 1 2 2 1 2 2 4 6 Final Capacity 15 | 8 8 8 8 8 15 15 15 Final Carried 7 | 2 2 3 2 2 3 6 7 Class Distribution -------------------- 88% | Mutant 6% | Gunner 4% | Scavenger-Gunner Dominant Class ---------------- Mutant | -10/Materials Mutant | -10/Mines Mutant | -9/Materials Mutant | -9/Mines Mutant | -8/Materials Mutant | -7/Factory Mutant | -7/Storage Resources | -11 -10 -10 -9 -9 -8 -7 -7 ----------- Run | Yrd Mat Min Mat Min Mat Fac Sto Matter Collected 805 | 208 . 90 194 11 145 99 58 Remotely . | . . . . . . . . Salvage Created 735 | . . 90 232 44 159 99 111 Parts 55 | . . 3 16 9 15 7 5 Haulers Intercepted . | . . . . . . . . Recyclers Shooed 1 | . . . 1 . . . . Parts Field Recycled . | . . . . . . . . Retrieved Matter . | . . . . . . . . Parts Self-Destructed . | . . . . . . . . Prevented . | . . . . . . . . Kills | -11 -10 -10 -9 -9 -8 -7 -7 ------- Run | Yrd Mat Min Mat Min Mat Fac Sto Combat Hostiles Destroyed 22 | . . 2 6 3 7 2 2 Guns 22 | . . 2 6 3 7 2 2 Classes Destroyed 6 | . . 1 4 . . 1 . Worker 1 | . . . 1 . . . . Operator 2 | . . . 1 . 1 . . Swarmer 12 | . . . 3 3 6 . . Grunt 7 | . . 2 2 . . 1 2 Sentry 2 | . . . 1 . 1 . . Programmer 1 | . . . . . . 1 . Best Kill Streak 4 | . . 2 4 3 4 1 1 Combat Bots Only 4 | . . 2 3 3 4 1 1 Max Kills in Single Turn 1 | . . 1 1 1 1 1 1 Gunslinging . | . . . . . . . . Exploded . | . . . . . . . . Melee . | . . . . . . . . Uniques/NPCs Destroyed . | . . . . . . . . Combat | -11 -10 -10 -9 -9 -8 -7 -7 -------- Run | Yrd Mat Min Mat Min Mat Fac Sto Hostile Shots Fired 347 | . . 24 37 11 71 25 179 Missed 111 | . . 5 9 3 16 7 71 Hits 236 | . . 19 28 8 55 18 108 Projectile 236 | . . 19 28 8 55 18 108 Critical Strikes 1 | . . 1 . . . . . Damage Taken 2564 | . . 269 283 66 470 271 1205 Core 915 | . . 73 34 7 101 77 623 Absorbed by Shields . | . . . . . . . . Core Remaining (%) 85 | 100 . 70 . 89 81 . . Volleys Fired 97 | . 2 9 21 5 34 16 10 Largest 2 | . 2 2 2 2 2 2 2 Hottest 60 | . 60 60 60 60 60 48 48 Shots Fired 176 | . 4 15 42 10 54 32 19 Gun 176 | . 4 15 42 10 54 32 19 Cannon . | . . . . . . . . Launcher . | . . . . . . . . Special . | . . . . . . . . Kinetic 139 | . 2 9 21 5 51 32 19 Thermal 29 | . . . 21 5 3 . . Explosive . | . . . . . . . . Electromagnetic 8 | . 2 6 . . . . . Robot Hit Streak 15 | . . 5 15 2 6 5 4 Robot Miss Streak 5 | . . 2 3 3 5 3 2 Penetration Max . | . . . . . . . . Secondary Targets 1 | . . . . . 1 . . Max Gunslinging Chain 1 | . . . . . 1 . . Shots Hit Robots 96 | . . 10 26 4 24 19 13 Core Hits 39 | . . 5 13 3 10 4 4 Critical Kills 1 | . . 1 . . . . . Critical Parts Destroyed . | . . . . . . . . Critical Strikes 1 | . . 1 . . . . . Destroy 1 | . . 1 . . . . . Melee Attacks . | . . . . . . . . Impact . | . . . . . . . . Slashing . | . . . . . . . . Piercing . | . . . . . . . . Sneak Attacks . | . . . . . . . . Combat Hostiles . | . . . . . . . . Follow-up Attacks . | . . . . . . . . Damage Inflicted 1531 | . . 124 348 64 417 362 216 Guns 1503 | . . 124 339 61 401 362 216 Cannons . | . . . . . . . . Explosions . | . . . . . . . . Melee . | . . . . . . . . Ramming 28 | . . . 9 3 16 . . Kinetic 1282 | . . 73 190 50 391 362 216 Thermal 170 | . . . 149 11 10 . . Explosive . | . . . . . . . . Electromagnetic 51 | . . 51 . . . . . Impact . | . . . . . . . . Slashing . | . . . . . . . . Piercing . | . . . . . . . . Highest Corruption 7 | . . . . . 7 . . Average Corruption 5 | . . . . . 5 . . Corruption Purged . | . . . . . . . . Corruption Blocked . | . . . . . . . . Effects 7 | . . . . . 7 . . Message Errors 2 | . . . . . 2 . . Matter Fused 1 | . . . . . 1 . . Energy Discharges 1 | . . . . . 1 . . Data Loss (minor) 1 | . . . . . 1 . . Misfires 1 | . . . . . 1 . . Alerts 1 | . . . . . 1 . . Overload Shots . | . . . . . . . . Overflow Damage . | . . . . . . . . Projectiles . | . . . . . . . . Explosions . | . . . . . . . . Melee . | . . . . . . . . Knockbacks . | . . . . . . . . Impact . | . . . . . . . . Kinetic . | . . . . . . . . Secondary . | . . . . . . . . Self-Inflicted Damage . | . . . . . . . . Shots . | . . . . . . . . Rammed 4 | . . . 1 1 2 . . Targets Rammed 4 | . . . 1 1 2 . . Kicked . | . . . . . . . . Crushed . | . . . . . . . . Highest Temperature 96 | . . 75 96 44 31 11 6 Average Temperature 23 | . . 36 37 23 5 2 3 Received Heat Transfer 510 | . . 165 69 . 27 45 204 Siege Activations . | . . . . . . . . Martial Activations . | . . . . . . . . Shielding Activations . | . . . . . . . . Robots Disrupted . | . . . . . . . . Combat Hostiles . | . . . . . . . . Robots Corrupted . | . . . . . . . . Combat Hostiles . | . . . . . . . . Parts Fried . | . . . . . . . . Impact Corruptions . | . . . . . . . . Robots Melted . | . . . . . . . . Combat Hostiles . | . . . . . . . . Parts Melted 1 | . . . 1 . . . . Heat Transferred 400 | . . . 350 25 25 . . Parts Sabotaged . | . . . . . . . . Parts Stolen . | . . . . . . . . Parts Stripped . | . . . . . . . . Power Chain Reactions . | . . . . . . . . Alert | -11 -10 -10 -9 -9 -8 -7 -7 ------- Run | Yrd Mat Min Mat Min Mat Fac Sto Maximum Alert Level . | . . . . . . . . Low Security (%) 100 | 100 100 100 100 100 100 100 100 Level 1 . | . . . . . . . . Level 2 . | . . . . . . . . Level 3 . | . . . . . . . . Level 4 . | . . . . . . . . Level 5 . | . . . . . . . . High Security . | . . . . . . . . Max Security . | . . . . . . . . Peak Influence 101 | . . 50 80 73 101 30 20 Initial 24 | . . . 3 23 24 4 13 Average 12 | . . 22 22 34 22 2 3 Influence Increases 590 | . . 50 164 70 190 76 40 Destroy 0b10 Robot/C 440 | . . 40 120 60 140 40 40 Destroy 0b10 Robot/NC 15 | . . . 10 . 5 . . Destroy Leader 100 | . . 10 30 10 30 20 . Successful Hack 4 | . . . 4 . . . . Disable Machine 15 | . . . . . 15 . . Destroy Structure 1 | . . . . . . 1 . Lose Combat Pursuer 15 | . . . . . . 15 . Influence Decreases 590 | . . 40 114 67 243 57 69 Entered New Map 105 | . . . 7 37 39 6 16 Time Decay 405 | . . 40 97 30 144 51 43 Lost Part 80 | . . . 10 . 60 . 10 Squads Dispatched 2 | . . . . . . 2 . Investigation . | . . . . . . . . Extermination 1 | . . . . . . 1 . Reinforcement 1 | . . . . . . 1 . Assault . | . . . . . . . . Garrison . | . . . . . . . . Intercept . | . . . . . . . . Searches Triggered . | . . . . . . . . Construction Impeded . | . . . . . . . . Haulers Reinforced . | . . . . . . . . Active Scanning Responses . | . . . . . . . . Cargo Convoy Interrupts . | . . . . . . . . Stealth | -11 -10 -10 -9 -9 -8 -7 -7 --------- Run | Yrd Mat Min Mat Min Mat Fac Sto Distress Signals 2 | . . . 1 . . . 1 Communications Jammed . | . . . . . . . . Distress Signals . | . . . . . . . . Times Spotted 44 | . . 2 9 3 17 5 8 Peak Tracking Total 6 | . . 2 4 3 4 2 6 Tactical Retreats 1 | . . . . . . 1 . Traps | -11 -10 -10 -9 -9 -8 -7 -7 ------- Run | Yrd Mat Min Mat Min Mat Fac Sto Traps Triggered 8 | . . . . . 8 . . Indirectly . | . . . . . . . . Trap Hack Attempts . | . . . . . . . . Triggered . | . . . . . . . . Disarmed . | . . . . . . . . Reprogrammed . | . . . . . . . . Reused . | . . . . . . . . Traps Extracted . | . . . . . . . . Installed . | . . . . . . . . Triggered . | . . . . . . . . Machines | -11 -10 -10 -9 -9 -8 -7 -7 ---------- Run | Yrd Mat Min Mat Min Mat Fac Sto Machines Disabled 1 | . . . . . 1 . . Max in Single Turn 1 | . . . . . 1 . . Machines Repaired . | . . . . . . . . Machines Dismantled . | . . . . . . . . Machines Sabotaged . | . . . . . . . . Overloaded Fab Kills . | . . . . . . . . Hacking | -11 -10 -10 -9 -9 -8 -7 -7 --------- Run | Yrd Mat Min Mat Min Mat Fac Sto Machines Accessed 4 | . . . 1 . . 1 2 Terminals 3 | . . . 1 . . . 2 Fabricators 1 | . . . . . . 1 . Repair Stations . | . . . . . . . . Recycling Units . | . . . . . . . . Scanalyzers . | . . . . . . . . Garrison Access . | . . . . . . . . Total Hacks 8 | . . . 3 . . 2 3 Successful 5 | . . . 2 . . 1 2 Failed 3 | . . . 1 . . 1 1 Catastrophic . | . . . . . . . . Database Lockouts . | . . . . . . . . Manual . | . . . . . . . . Terminals 6 | . . . 3 . . . 3 Fabricators 2 | . . . . . . 2 . Repair Stations . | . . . . . . . . Recycling Units . | . . . . . . . . Scanalyzers . | . . . . . . . . Garrison Access . | . . . . . . . . Terminal Hacks 4 | . . . 2 . . . 2 Record 1 | . . . 1 . . . . Open Door 2 | . . . . . . . 2 Alert Level 1 | . . . 1 . . . . Fabricator Hacks 1 | . . . . . . 1 . Network Status 1 | . . . . . . 1 . Repair Station Hacks . | . . . . . . . . Recycling Unit Hacks . | . . . . . . . . Scanalyzer . | . . . . . . . . Garrison Access Hacks . | . . . . . . . . Unauthorized Hacks . | . . . . . . . . Terminals . | . . . . . . . . Fabricators . | . . . . . . . . Repair Stations . | . . . . . . . . Recycling Units . | . . . . . . . . Scanalyzers . | . . . . . . . . Garrison Access . | . . . . . . . . Data Cores Recovered 2 | . . . 1 . 1 . . Used . | . . . . . . . . Hacking Detections 2 | . . . . . . 1 1 Full Trace Events . | . . . . . . . . Feedback Events . | . . . . . . . . Feedback Blocked . | . . . . . . . . Robot Schematics Acquired . | . . . . . . . . Robots Built . | . . . . . . . . Authchips . | . . . . . . . . Time . | . . . . . . . . Total Robot Build Rating . | . . . . . . . . Part Schematics Acquired . | . . . . . . . . Parts Built . | . . . . . . . . Authchips . | . . . . . . . . Time . | . . . . . . . . Total Part Build Rating . | . . . . . . . . Parts Repaired . | . . . . . . . . Time . | . . . . . . . . Parts Recycled . | . . . . . . . . Recycled Matter . | . . . . . . . . Retrieved Matter . | . . . . . . . . Retrieved Components . | . . . . . . . . Parts Scanalyzed . | . . . . . . . . Part Schematics Acquired . | . . . . . . . . Parts Damaged . | . . . . . . . . Bothacking | -11 -10 -10 -9 -9 -8 -7 -7 ------------ Run | Yrd Mat Min Mat Min Mat Fac Sto Used RIF Installer . | . . . . . . . . Robots Hacked . | . . . . . . . . Non-combat . | . . . . . . . . Combat . | . . . . . . . . Robot Hacks Applied . | . . . . . . . . Relay Couplers Released . | . . . . . . . . Fabnet Peak Effective % . | . . . . . . . . Robots Rewired . | . . . . . . . . Allies Hacked . | . . . . . . . . Hacks Repelled . | . . . . . . . . Allies | -11 -10 -10 -9 -9 -8 -7 -7 -------- Run | Yrd Mat Min Mat Min Mat Fac Sto Total Allies . | . . . . . . . . Largest Group . | . . . . . . . . Highest-Rated Group . | . . . . . . . . Highest-Rated Ally . | . . . . . . . . Total Orders . | . . . . . . . . Ally Attacks . | . . . . . . . . Total Damage . | . . . . . . . . Kills . | . . . . . . . . Allies Corrupted . | . . . . . . . . Allies Melted . | . . . . . . . . Intel | -11 -10 -10 -9 -9 -8 -7 -7 ------- Run | Yrd Mat Min Mat Min Mat Fac Sto Active Infowar (turns) . | . . . . . . . . Robot Analysis Total . | . . . . . . . . Derelict Logs Recovered . | . . . . . . . . Drone Launches 2 | . . . . . . . 2 Drone Recoveries 2 | . . . . . . . 2 Exploration | -11 -10 -10 -9 -9 -8 -7 -7 ------------- Run | Yrd Mat Min Mat Min Mat Fac Sto Turns Passed 2640 | 86 239 113 347 65 744 730 316 Spaces Moved 1183 | 51 145 56 173 31 347 273 107 Core 22 | 12 . . . . 4 . 6 Treads 1161 | 39 145 56 173 31 343 273 101 Legs . | . . . . . . . . Wheels . | . . . . . . . . Hover . | . . . . . . . . Flight . | . . . . . . . . Fastest Speed 50 | 50 160 160 160 160 160 240 240 Average Speed 196 | 134 160 160 160 160 183 251 269 Slowest Speed 650 | 160 160 160 160 160 450 320 650 Overloaded Moves . | . . . . . . . . Propulsion Burnouts . | . . . . . . . . Robots Hopped . | . . . . . . . . Potential Cave-ins . | . . . . . . . . Cave-ins Triggered . | . . . . . . . . Exploration Rate (%) 14 | 5 18 11 18 9 29 4 22 Regions Visited 7 Branch Regions 3 Pre-discovered Areas 1 | . . . . . . . 1 Known Exits Taken . | . . . . . . . . Unknown Exits Taken 7 | 1 1 1 1 1 1 1 . Scrap Searched . | . . . . . . . . Spaces Dug . | . . . . . . . . Terrain Destroyed . | . . . . . . . . Melee . | . . . . . . . . Projectile . | . . . . . . . . AOE . | . . . . . . . . Terrain Rammed . | . . . . . . . . Walls Destroyed . | . . . . . . . . Machines Disabled . | . . . . . . . . Actions | -11 -10 -10 -9 -9 -8 -7 -7 --------- Run | Yrd Mat Min Mat Min Mat Fac Sto Total 1341 | 69 148 65 201 36 409 293 120 Wait 5 | 5 . . . . . . . Move 1176 | 50 144 55 172 30 346 272 107 Hop . | . . . . . . . . Pick Up 31 | 8 1 1 3 . 13 4 1 Fast Attach . | . . . . . . . . Attach 26 | 6 1 . 4 . 13 1 1 Detach 2 | . . . . . 1 . 1 Swap . | . . . . . . . . Drop . | . . . . . . . . Fire 97 | . 2 9 21 5 34 16 10 Melee . | . . . . . . . . Ram . | . . . . . . . . Kick . | . . . . . . . . Crush 4 | . . . 1 1 2 . . Escape Stasis . | . . . . . . . . Rewire . | . . . . . . . . Trap . | . . . . . . . . Miscellaneous . | . . . . . . . . Route ------- -11/Scrapyard -10/Materials -10/Mines -9/Materials -9/Mines -8/Materials -7/Factory -7/Storage History --------- Turn | Location | Event 12 | -11/Scrapyard | Discovered new exit (range 16) 87 | -11/Scrapyard | Entered Materials 305 | -10/Materials | Discovered new exit (range 7) 316 | -10/Materials | Build established: Mutant 326 | -10/Materials | Entered Mines 414 | -10/Mines | Discovered new exit (range 12) 439 | -10/Mines | Entered Materials 439 | -9/Materials | Evolved 2 slots: Power x1, Propulsion x1 765 | -9/Materials | Discovered new exit (range 12) 786 | -9/Materials | Entered Mines 820 | -9/Mines | Discovered new exit (range 10) 851 | -9/Mines | Entered Materials 851 | -8/Materials | Evolved 2 slots: Power x1, Propulsion x1 1394 | -8/Materials | Lost 6 parts (2p3n1w) 1547 | -8/Materials | Discovered new exit (range 16) 1595 | -8/Materials | Entered Factory 1595 | -7/Factory | Evolved 2 slots: Power x1, Weapon x1 2282 | -7/Factory | Discovered new exit (range 13) 2325 | -7/Factory | Entered Storage 2514 | -7/Storage | Learned location of Armory (-4) 2627 | -7/Storage | Core integrity fell below 50% 2636 | -7/Storage | Core integrity fell below 20% 2641 | -7/Storage | Destroyed by S-27 Virus with Autogun Last Messages --------------- Drone retrieved by Drone Bay (repair cost: 2). Drone retrieved by Drone Bay (repair cost: 4). K-01 Serf cleans the Compression Vault. W-25 Informer sends out distress signal. A-02 Transporter destroyed. R-06 Scavenger collects Weight Redist. System. K-01 Serf collects debris. R-06 Scavenger collects Ion Engine. K-01 Serf collects debris. Lgt. Treads destroyed. Drone Bay destroyed. Imp. Ion Engine destroyed. Autogun destroyed. Remote Datajack destroyed. R-06 Scavenger collects Weight Redist. System. K-01 Serf collects debris. K-01 Serf cleans the Transfer Shaft. R-06 Scavenger destroyed. K-01 Serf collects debris. K-01 Serf destroyed. Map ----- +----------------------------------------------------+ | | | | | | | | | | | | | ????????????????????????????????????????? | | ????????????????????????????????????????? | | ???????#####????????????????????????????? | | ???????# #??###########???????????????? | | ???????# #??# #???????????????? | | ???????# #??# #???????????????? | | #########+##### #???????????????? | | # """""" #???????????????? | | % / "????" #???????????????? | | # "????" #???????????????? | | #########+###+# """""" #???????????????? | | ??????? ^^ ??# #???????????????? | | ?????# ####+######???????????????? | | ?????# #??# #????????????????????? | | ?????# """"" #??# #????????????????????? | | ?????# """"" #### #######??????????????? | | ?????# """"" + #??????????????? | | ?????# # Y #??????????????? | | ?????#### ##### s ####+### #??? | | ?????????## s =@!== Y #??? | | ???????? ^s m%/%%! #??? | | ???????? """ !"""* ### #??? | | ??????? """ """ #?????????? | | ??????##### ^ """ """ +?????????? | | ??????????## # ???????? | | ???????????# #? ??????? | | ???????????# """ ########??"??????? | | ???????????# """ #????????????????? | | ???????????+ """ #????????????????? | | ???????????# ??? #????????????????? | | ?????????????? ??? #????????????????? | | ?????????????????? ?????????????????? | | ??????????????????### ??????????????????? | | ????????????????????# ??????????????????? | | ????????????????????????????????????????? | | ????????????????????????????????????????? | | ????????????????????????????????????????? | | ????????????????????????????????????????? | | ????????????????????????????????????????? | | ????????????????????????????????????????? | | ????????????????????????????????????????? | | ????????????????????????????????????????? | | ????????????????????????????????????????? | | ????????????????????????????????????????? | +----------------------------------------------------+ Best States ------------- Heat Dissipation 34 Energy Generation 19 Energy Capacity 415 Matter Stores 400 Matter Capacity 400 Sight Range 16 Terrain Scan Density 10 Evasion (%) 50 Recoil Reduction 3 Item Schematics ----------------- None Robot Schematics ------------------ None Fabricated ------------ Nothing Repaired ---------- Nothing Alien Tech Used ----------------- None Achievements -------------- None Challenges ------------ None Game ------ Seed GuidanceWarlordJets Manual? 0 Play Time 00:20:39 Cumulative 7.4 hours Start 2025.07.16 @ 14:07:50 End 2025.07.16 @ 14:30:52 Sessions 1 Manual Loads 0 Difficulty Rogue Special Mode None Game No. 25 Rogue 25 Adventurer 0 Explorer 0 Win Type - Total 0 Types 0/0/0/0/0/0/0/0/0/0 Lore% 3 Gallery% 12 Achievement% 13 Wizard Run 0 Options --------- Layout 1 ASCII 0 Keyboard 0 Movement Arrows Keybinds 0 Fullscreen 1 Font 24/Smallcaps Map View 50x35 Zoom Use 0% Tactical HUD 0 Map Filters NONE Filters NONE Steam 1 RUN: 2eb4eec3-8c2b-44ab-8dfd-f0aedc890376